[ AOE2 MATCH · #464777083 ]
UnrankedTeutons vs Spanish
[ REPLAY ANALYSIS · EXTRACTED FROM THE RECORDED GAME ]
Feudal
16:22
Castle
—
Imperial
—
| APM avg | 18.8 |
| APM peak | 63 |
| eAPM avg | 9.0 |
| Villagers / military | 51 / 13 |
Focus
⚔️ 16.0% · 🌾 84.0%
Scout Cavalry ×8 · Spearman ×5
Feudal
17:34
Castle
—
Imperial
—
| APM avg | 23.4 |
| APM peak | 115 |
| eAPM avg | 6.7 |
| Villagers / military | 38 / 0 |
Focus
⚔️ 6.9% · 🌾 93.1%
Feudal
—
Castle
—
Imperial
—
| APM avg | 15.0 |
| APM peak | 34 |
| eAPM avg | 6.5 |
| Villagers / military | 44 / 28 |
Focus
⚔️ 10.1% · 🌾 89.9%
Militia ×15 · Spearman ×8 · Knight ×5 · Fishing Ship ×2 · Unknown (2626) ×1
Feudal
15:27
Castle
—
Imperial
—
| APM avg | 9.8 |
| APM peak | 26 |
| eAPM avg | 5.7 |
| Villagers / military | 44 / 4 |
Focus
⚔️ 16.3% · 🌾 83.7%
Spearman ×4
Feudal
22:26
Castle
—
Imperial
—
| APM avg | 9.1 |
| APM peak | 38 |
| eAPM avg | 5.0 |
| Villagers / military | 21 / 0 |
Focus
⚔️ 6.5% · 🌾 93.5%
Fishing Ship ×12
Feudal
18:59
Castle
—
Imperial
—
| APM avg | 7.6 |
| APM peak | 15 |
| eAPM avg | 5.1 |
| Villagers / military | 34 / 10 |
Focus
⚔️ 19.5% · 🌾 80.5%
Militia ×8 · Fishing Ship ×4 · Scout Cavalry ×2
Feudal
16:14
Castle
—
Imperial
—
| APM avg | 11.1 |
| APM peak | 49 |
| eAPM avg | 4.9 |
| Villagers / military | 31 / 0 |
Focus
⚔️ 3.6% · 🌾 96.4%
Feudal
19:54
Castle
—
Imperial
—
| APM avg | 13.2 |
| APM peak | 28 |
| eAPM avg | 7.2 |
| Villagers / military | 39 / 28 |
Focus
⚔️ 26.1% · 🌾 73.9%
Militia ×15 · Fishing Ship ×9 · Spearman ×8 · Skirmisher ×3 · Trade Cart ×3 · Scout Cavalry ×2
Match map
Initial resources + every placement click. Lines = walls · curves = elevation contours. ◆ gold · ⬟ stone · ● berries · ✦ relic · ◌ wall gap
Your base· Open — unwalled flank
鬼才's base· Open — unwalled flank
Nutsmitkatz0's base· Open — unwalled flank
HardPain94's base· Open — unwalled flank
jonymuros's base· Open — unwalled flank
IMBULLISH's base· Open — unwalled flank
爷's base· Open — unwalled flank
FedeSanta's base· Open — unwalled flank
Smoothed initial terrain · ◌ = detected wall gap · hover for details
Inputs per minute
— Papere - - 鬼才
Build order — Papere
99 actions detected in the replay
| 3:26 | Build | Town Center |
| 4:12 | Build | House |
| 4:28 | Build | House |
| 4:45 | Build | House |
| 4:58 | Build | House |
| 5:04 | Create | Villager (Male) ×4 |
| 5:04 | Create | Villager (Male) ×4 |
| 5:04 | Create | Villager (Male) ×4 |
| 5:41 | Build | Lumber Camp |
| 6:43 | Create | Villager (Male) |
| 7:09 | Create | Villager (Male) |
| 7:51 | Create | Villager (Male) |
| 7:51 | Create | Villager (Male) |
| 7:52 | Create | Villager (Male) |
| 8:18 | Create | Villager (Male) |
| 8:19 | Create | Villager (Male) |
| 8:19 | Create | Villager (Male) |
| 8:52 | Create | Villager (Male) |
| 9:26 | Create | Villager (Male) |
| 10:00 | Build | Mill |
| 10:20 | Create | Villager (Male) ×2 |
| 10:50 | Create | Villager (Male) |
| 10:51 | Create | Villager (Male) |
| 10:51 | Create | Villager (Male) |
| 11:17 | Create | Villager (Male) |
| 11:17 | Create | Villager (Male) |
| 11:28 | Create | Villager (Male) |
| 12:37 | Build | Farm |
| 12:39 | Build | Farm |
| 12:41 | Build | Farm |
| 12:42 | Build | Farm |
| 12:43 | Build | Farm |
| 12:45 | Build | Farm |
| 12:47 | Build | Farm |
| 12:48 | Build | Farm |
| 13:52 | Build | Dock |
| 14:12 | Research | Feudal Age |
| 14:28 | Build | Farm |
| 14:52 | Build | House |
| 14:55 | Build | House |
| 14:57 | Build | House |
| 15:37 | Build | Mining Camp |
| 16:22 | Age | Feudal Age |
| 16:36 | Create | Villager (Male) |
| 16:36 | Create | Villager (Male) |
| 16:36 | Create | Villager (Male) |
| 16:36 | Create | Villager (Male) |
| 16:37 | Create | Villager (Male) |
| 16:40 | Create | Villager (Male) |
| 16:41 | Create | Villager (Male) |
| 16:41 | Create | Villager (Male) |
| 16:41 | Create | Villager (Male) |
| 17:13 | Build | Barracks |
| 17:41 | Create | Villager (Male) ×5 |
| 17:53 | Create | Villager (Male) |
| 17:57 | Create | Villager (Male) |
| 18:22 | Research | Double-Bit Axe |
| 18:25 | Research | Horse Collar |
| 18:45 | Create | Villager (Male) |
| 19:10 | Create | Villager (Male) |
| 19:24 | Build | Stable |
| 19:34 | Create | Villager (Male) |
| 19:36 | Create | Villager (Male) |
| 19:54 | Create | Villager (Male) |
| 19:56 | Create | Scout Cavalry |
| 19:56 | Create | Scout Cavalry |
| 20:16 | Build | Blacksmith |
| 20:23 | Build | Lumber Camp |
| 20:39 | Create | Scout Cavalry |
| 20:59 | Create | Scout Cavalry |
| 21:24 | Research | Forging |
| 21:24 | Research | Scale Barding Armor |
| 21:35 | Create | Scout Cavalry |
| 21:35 | Create | Scout Cavalry |
| 22:17 | Build | Watch Tower |
| 22:28 | Create | Scout Cavalry |
| 22:38 | Create | Scout Cavalry |
| 22:41 | Create | Spearman |
| 22:41 | Create | Spearman |
| 22:41 | Create | Spearman |
| 24:06 | Create | Spearman |
| 24:06 | Create | Spearman |
| 24:26 | Research | Castle Age |
| 25:31 | Build | House |
| 25:33 | Build | House |
| 25:34 | Build | House |
| 25:36 | Build | House |
| 25:38 | Build | House |
| 25:38 | Build | House |
| 25:38 | Build | House |
| 25:39 | Build | House |
| 25:39 | Build | House |
| 25:39 | Build | House |
| 25:40 | Build | House |
| 25:52 | Build | Farm |
| 25:52 | Build | Farm |
| 25:52 | Build | Farm |
| 25:52 | Build | Farm |
| 25:52 | Build | Farm |
Build order — 鬼才
68 actions detected in the replay
| 2:30 | Build | Town Center |
| 4:09 | Create | Villager (Male) ×5 |
| 4:29 | Build | House |
| 4:35 | Create | Villager (Male) |
| 4:35 | Create | Villager (Male) |
| 4:40 | Research | Loom |
| 4:40 | Create | Villager (Male) |
| 4:41 | Create | Villager (Male) |
| 4:41 | Create | Villager (Male) |
| 4:41 | Create | Villager (Male) |
| 4:41 | Create | Villager (Male) |
| 5:16 | Build | House |
| 5:47 | Build | House |
| 6:22 | Build | House |
| 6:25 | Create | Villager (Male) |
| 6:25 | Create | Villager (Male) |
| 6:25 | Create | Villager (Male) |
| 6:46 | Create | Villager (Male) |
| 7:13 | Build | House |
| 7:31 | Create | Villager (Male) |
| 7:31 | Create | Villager (Male) |
| 8:12 | Build | House |
| 8:14 | Create | Villager (Male) |
| 8:15 | Create | Villager (Male) |
| 8:51 | Create | Villager (Male) |
| 9:11 | Build | Lumber Camp |
| 10:30 | Create | Villager (Male) |
| 10:30 | Create | Villager (Male) |
| 10:31 | Create | Villager (Male) |
| 10:31 | Create | Villager (Male) |
| 10:31 | Create | Villager (Male) |
| 10:31 | Create | Villager (Male) |
| 10:32 | Create | Villager (Male) |
| 11:03 | Build | Mill |
| 11:30 | Create | Villager (Male) |
| 11:46 | Build | Farm |
| 11:58 | Build | Farm |
| 12:08 | Build | Farm |
| 12:08 | Create | Villager (Male) |
| 12:09 | Create | Villager (Male) |
| 12:37 | Build | Farm |
| 13:03 | Build | Farm |
| 13:28 | Build | Farm |
| 13:35 | Build | Farm |
| 13:40 | Build | Farm |
| 13:44 | Build | Farm |
| 13:51 | Create | Villager (Male) |
| 13:51 | Create | Villager (Male) |
| 15:24 | Research | Feudal Age |
| 15:49 | Build | Farm |
| 15:54 | Build | Farm |
| 17:08 | Build | Farm |
| 17:34 | Age | Feudal Age |
| 17:40 | Research | Wheelbarrow |
| 17:43 | Research | Horse Collar |
| 17:46 | Research | Double-Bit Axe |
| 18:00 | Build | Mining Camp |
| 18:50 | Research | Gold Mining |
| 18:53 | Research | Stone Mining |
| 19:02 | Create | Villager (Male) |
| 19:58 | Build | Market |
| 20:35 | Create | Villager (Male) |
| 20:35 | Create | Villager (Male) |
| 21:24 | Build | Barracks |
| 21:45 | Build | Blacksmith |
| 21:51 | Create | Villager (Male) |
| 21:53 | Build | Farm |
| 22:26 | Create | Villager (Male) |
Build order — Nutsmitkatz0
70 actions detected in the replay
| 1:10 | Build | Dock |
| 1:54 | Build | Town Center |
| 3:07 | Build | House |
| 3:11 | Build | House |
| 3:45 | Create | Villager (Male) |
| 3:46 | Create | Villager (Male) |
| 3:48 | Create | Villager (Male) |
| 3:48 | Create | Villager (Male) |
| 3:49 | Create | Villager (Male) |
| 4:52 | Create | Villager (Male) |
| 5:34 | Create | Villager (Male) |
| 6:14 | Create | Villager (Male) |
| 6:37 | Create | Villager (Male) |
| 6:47 | Create | Villager (Male) |
| 7:16 | Build | House |
| 7:18 | Build | House |
| 7:20 | Build | House |
| 7:30 | Create | Villager (Male) |
| 7:56 | Create | Villager (Male) |
| 8:10 | Build | House |
| 8:46 | Create | Villager (Male) ×2 |
| 9:16 | Create | Villager (Male) |
| 9:31 | Create | Fishing Ship |
| 9:55 | Create | Villager (Male) |
| 9:56 | Create | Villager (Male) |
| 10:36 | Create | Villager (Male) |
| 10:36 | Create | Villager (Male) |
| 10:37 | Create | Villager (Male) |
| 10:39 | Create | Villager (Male) |
| 10:40 | Create | Villager (Male) |
| 12:07 | Build | Lumber Camp |
| 12:38 | Create | Villager (Male) |
| 12:51 | Research | Feudal Age |
| 13:04 | Build | Barracks |
| 13:21 | Create | Fishing Ship |
| 14:07 | Create | Militia ×5 |
| 15:15 | Create | Villager (Male) ×5 |
| 15:37 | Build | House |
| 15:40 | Build | House |
| 15:43 | Build | House |
| 15:44 | Build | House |
| 16:41 | Create | Militia ×5 |
| 17:12 | Create | Unit 2626 |
| 17:26 | Build | House |
| 17:27 | Build | House |
| 17:29 | Build | House |
| 17:31 | Build | House |
| 17:32 | Build | House |
| 17:32 | Build | House |
| 17:37 | Create | Villager (Male) ×5 |
| 17:48 | Build | Mining Camp |
| 18:11 | Build | Blacksmith |
| 18:48 | Build | Stable |
| 18:58 | Research | Double-Bit Axe |
| 19:05 | Create | Militia ×5 |
| 19:11 | Create | Villager (Male) |
| 19:11 | Create | Villager (Male) |
| 20:16 | Create | Villager (Male) |
| 20:16 | Create | Villager (Male) |
| 21:14 | Build | Watch Tower |
| 21:18 | Build | Mill |
| 21:36 | Build | Lumber Camp |
| 21:50 | Research | Castle Age |
| 22:38 | Create | Spearman ×5 |
| 22:48 | Create | Villager (Male) |
| 24:07 | Create | Villager (Male) ×5 |
| 24:31 | Create | Knight ×5 |
| 24:47 | Create | Spearman ×3 |
| 24:52 | Create | Villager (Male) |
| 25:03 | Build | Lumber Camp |
Build order — HardPain94
103 actions detected in the replay
| 2:32 | Build | Town Center |
| 3:07 | Build | Outpost |
| 4:29 | Create | Villager (Male) |
| 4:30 | Create | Villager (Male) |
| 4:38 | Create | Villager (Male) |
| 4:38 | Research | Loom |
| 4:38 | Create | Villager (Male) |
| 4:43 | Build | House |
| 4:45 | Build | House |
| 4:58 | Create | Villager (Male) |
| 4:59 | Create | Villager (Male) |
| 5:29 | Build | House |
| 5:48 | Create | Villager (Male) |
| 6:06 | Build | House |
| 6:16 | Build | Outpost |
| 6:33 | Create | Villager (Male) |
| 7:25 | Build | Mill |
| 7:33 | Create | Villager (Male) |
| 7:35 | Create | Villager (Male) |
| 8:28 | Create | Villager (Male) |
| 8:43 | Create | Villager (Male) |
| 8:45 | Create | Villager (Male) |
| 9:35 | Create | Villager (Male) |
| 9:36 | Create | Villager (Male) |
| 9:54 | Create | Villager (Male) |
| 10:23 | Create | Villager (Male) |
| 11:23 | Create | Villager (Male) |
| 11:32 | Create | Villager (Male) |
| 12:24 | Create | Villager (Male) |
| 12:27 | Create | Villager (Male) |
| 12:32 | Build | Lumber Camp |
| 13:17 | Research | Feudal Age |
| 13:26 | Build | House |
| 13:29 | Build | House |
| 13:42 | Build | Outpost |
| 13:45 | Create | Villager (Male) |
| 13:55 | Create | Villager (Male) |
| 14:29 | Build | Outpost |
| 15:09 | Build | Outpost |
| 15:16 | Create | Villager (Male) |
| 15:27 | Age | Feudal Age |
| 15:30 | Research | Wheelbarrow |
| 15:31 | Research | Town Watch |
| 15:33 | Create | Villager (Male) |
| 15:33 | Create | Villager (Male) |
| 15:50 | Build | Outpost |
| 15:55 | Create | Villager (Male) |
| 16:00 | Research | Double-Bit Axe |
| 16:02 | Research | Horse Collar |
| 16:13 | Build | Outpost |
| 16:53 | Build | Stone Wall |
| 17:23 | Create | Villager (Male) |
| 17:36 | Build | Outpost |
| 18:22 | Build | Outpost |
| 18:38 | Build | Outpost |
| 18:49 | Create | Villager (Male) |
| 18:52 | Create | Villager (Male) |
| 19:04 | Build | Stone Wall |
| 19:11 | Create | Villager (Male) |
| 19:25 | Build | Mining Camp |
| 19:39 | Create | Villager (Male) |
| 19:49 | Build | Outpost |
| 20:11 | Build | Stone Wall |
| 20:18 | Create | Villager (Male) |
| 20:39 | Build | House |
| 20:40 | Build | House |
| 20:41 | Build | House |
| 20:44 | Build | House |
| 20:56 | Build | Stone Wall |
| 21:27 | Build | Stone Wall |
| 21:41 | Build | Mining Camp |
| 21:47 | Create | Villager (Male) |
| 21:47 | Create | Villager (Male) |
| 21:50 | Create | Villager (Male) |
| 22:26 | Build | Stone Wall |
| 22:30 | Build | Outpost |
| 22:41 | Build | House |
| 22:42 | Build | House |
| 22:45 | Create | Villager (Male) |
| 22:45 | Create | Villager (Male) |
| 22:58 | Build | Outpost |
| 23:06 | Build | Outpost |
| 23:14 | Create | Villager (Male) |
| 23:20 | Build | Farm |
| 23:21 | Create | Villager (Male) |
| 23:47 | Build | House |
| 23:48 | Build | House |
| 23:50 | Build | House |
| 23:57 | Create | Villager (Male) |
| 24:25 | Build | Barracks |
| 24:29 | Build | Barracks |
| 24:36 | Create | Villager (Male) |
| 25:04 | Create | Villager (Male) |
| 25:17 | Build | Outpost |
| 25:22 | Build | Outpost |
| 25:24 | Create | Villager (Male) |
| 25:30 | Create | Spearman |
| 25:31 | Create | Spearman |
| 25:34 | Create | Spearman |
| 25:34 | Create | Spearman |
| 25:37 | Build | Archery Range |
| 25:38 | Build | Archery Range |
| 25:53 | Build | Outpost |
Build order — jonymuros
62 actions detected in the replay
| 3:45 | Build | Town Center |
| 5:31 | Build | House |
| 5:37 | Create | Villager (Male) |
| 5:37 | Create | Villager (Male) |
| 5:38 | Create | Villager (Male) |
| 5:38 | Create | Villager (Male) |
| 5:38 | Create | Villager (Male) |
| 6:01 | Research | Loom |
| 7:17 | Create | Villager (Male) |
| 8:27 | Create | Villager (Male) |
| 8:27 | Create | Villager (Male) |
| 8:28 | Create | Villager (Male) |
| 9:00 | Build | House |
| 9:04 | Build | Mill |
| 9:17 | Create | Villager (Male) |
| 10:44 | Create | Villager (Male) |
| 10:44 | Create | Villager (Male) |
| 10:45 | Create | Villager (Male) |
| 10:45 | Create | Villager (Male) |
| 10:45 | Create | Villager (Male) |
| 10:46 | Create | Villager (Male) |
| 11:23 | Build | House |
| 11:50 | Create | Villager (Male) |
| 12:02 | Build | House |
| 12:20 | Build | Lumber Camp |
| 13:38 | Create | Villager (Male) |
| 13:38 | Create | Villager (Male) |
| 13:39 | Create | Villager (Male) |
| 13:39 | Create | Villager (Male) |
| 15:18 | Build | House |
| 16:02 | Build | House |
| 20:16 | Research | Feudal Age |
| 20:36 | Build | Dock |
| 20:39 | Build | Dock |
| 20:44 | Build | Dock |
| 21:32 | Build | Lumber Camp |
| 22:08 | Create | Fishing Ship |
| 22:08 | Create | Fishing Ship |
| 22:09 | Create | Fishing Ship |
| 22:09 | Create | Fishing Ship |
| 22:09 | Create | Fishing Ship |
| 22:24 | Build | House |
| 22:24 | Build | House |
| 22:26 | Build | House |
| 22:26 | Age | Feudal Age |
| 22:27 | Build | House |
| 22:32 | Research | Wheelbarrow |
| 22:35 | Research | Double-Bit Axe |
| 22:39 | Research | Tech 906 |
| 22:43 | Create | Fishing Ship |
| 22:43 | Create | Fishing Ship |
| 22:43 | Create | Fishing Ship |
| 22:44 | Create | Fishing Ship |
| 23:09 | Research | Town Watch |
| 23:36 | Build | Mill |
| 24:14 | Build | Market |
| 24:18 | Build | Blacksmith |
| 24:32 | Create | Fishing Ship |
| 24:32 | Create | Fishing Ship |
| 24:33 | Create | Fishing Ship |
| 25:11 | Build | Lumber Camp |
| 25:40 | Research | Castle Age |
Build order — IMBULLISH
94 actions detected in the replay
| 0:59 | Build | Town Center |
| 1:19 | Build | House |
| 1:52 | Build | Dock |
| 2:13 | Build | House |
| 2:40 | Create | Villager (Male) |
| 2:41 | Create | Villager (Male) |
| 3:31 | Create | Villager (Male) |
| 3:31 | Create | Villager (Male) |
| 4:38 | Create | Villager (Male) |
| 5:07 | Create | Fishing Ship |
| 5:26 | Create | Villager (Male) |
| 5:38 | Create | Villager (Male) |
| 6:15 | Build | House |
| 6:23 | Build | House |
| 6:34 | Create | Villager (Male) |
| 6:43 | Create | Villager (Male) |
| 7:20 | Build | Mining Camp |
| 7:31 | Create | Villager (Male) |
| 7:33 | Create | Villager (Male) |
| 8:07 | Create | Villager (Male) |
| 8:07 | Create | Villager (Male) |
| 8:11 | Create | Fishing Ship |
| 8:43 | Create | Villager (Male) |
| 9:54 | Build | Mill |
| 10:08 | Create | Villager (Male) |
| 10:21 | Build | Mining Camp |
| 10:44 | Build | Farm |
| 10:50 | Create | Villager (Male) |
| 10:51 | Create | Villager (Male) |
| 11:32 | Build | Barracks |
| 11:52 | Build | Farm |
| 11:54 | Create | Villager (Male) |
| 12:13 | Create | Villager (Male) |
| 12:24 | Build | Farm |
| 12:36 | Build | House |
| 12:42 | Build | House |
| 12:44 | Build | House |
| 12:47 | Build | House |
| 12:56 | Create | Villager (Male) |
| 12:57 | Create | Villager (Male) |
| 13:08 | Create | Villager (Male) |
| 13:29 | Build | Outpost |
| 13:50 | Build | Outpost |
| 14:05 | Build | Mill |
| 14:14 | Create | Villager (Male) |
| 14:40 | Build | Farm |
| 14:45 | Build | Farm |
| 14:49 | Build | Farm |
| 14:57 | Build | Farm |
| 15:30 | Create | Villager (Male) |
| 15:30 | Create | Villager (Male) |
| 15:31 | Create | Villager (Male) |
| 16:40 | Build | Lumber Camp |
| 16:49 | Research | Feudal Age |
| 17:01 | Research | Loom |
| 17:16 | Build | Barracks |
| 17:27 | Create | Fishing Ship |
| 17:30 | Create | Fishing Ship |
| 18:13 | Create | Militia |
| 18:14 | Create | Militia |
| 18:15 | Create | Militia |
| 18:16 | Create | Militia |
| 18:16 | Create | Militia |
| 18:59 | Age | Feudal Age |
| 19:06 | Build | Farm |
| 19:17 | Build | Market |
| 19:36 | Build | Blacksmith |
| 20:00 | Build | Mill |
| 20:16 | Research | Arson |
| 20:17 | Research | Man-at-Arms (upgrade) |
| 20:19 | Create | Militia |
| 20:19 | Create | Militia |
| 20:20 | Create | Militia |
| 20:29 | Research | Horse Collar |
| 20:42 | Create | Villager (Male) |
| 20:43 | Create | Villager (Male) |
| 20:46 | Research | Wheelbarrow |
| 21:00 | Create | Villager (Male) ×4 |
| 21:36 | Research | Forging |
| 22:21 | Research | Gold Mining |
| 22:22 | Research | Stone Mining |
| 22:56 | Build | House |
| 23:00 | Build | House |
| 23:06 | Build | House |
| 23:07 | Build | House |
| 23:13 | Create | Villager (Male) |
| 23:14 | Create | Villager (Male) |
| 23:38 | Research | Scale Mail Armor |
| 23:38 | Research | Scale Barding Armor |
| 24:08 | Build | Stable |
| 24:51 | Build | Stable |
| 25:02 | Research | Bloodlines |
| 25:03 | Create | Scout Cavalry |
| 25:05 | Create | Scout Cavalry |
Build order — 爷
58 actions detected in the replay
| 2:54 | Build | Town Center |
| 4:51 | Research | Loom |
| 4:51 | Create | Villager (Male) ×4 |
| 5:35 | Create | Villager (Male) |
| 5:35 | Create | Villager (Male) |
| 5:48 | Build | House |
| 5:49 | Build | House |
| 5:51 | Build | House |
| 5:56 | Build | House |
| 5:57 | Build | House |
| 6:01 | Build | House |
| 6:14 | Build | Lumber Camp |
| 6:43 | Create | Villager (Male) |
| 6:44 | Create | Villager (Male) |
| 7:35 | Create | Villager (Male) |
| 7:36 | Create | Villager (Male) |
| 8:15 | Create | Villager (Male) |
| 8:16 | Create | Villager (Male) |
| 8:43 | Create | Villager (Male) |
| 8:44 | Create | Villager (Male) |
| 10:15 | Build | House |
| 10:16 | Build | House |
| 12:53 | Build | Mill |
| 14:04 | Research | Feudal Age |
| 14:04 | Research | Feudal Age |
| 15:42 | Create | Villager (Male) |
| 15:43 | Create | Villager (Male) |
| 16:14 | Age | Feudal Age |
| 16:48 | Build | Farm |
| 16:50 | Build | Farm |
| 16:51 | Build | Farm |
| 16:52 | Build | Farm |
| 16:54 | Build | Farm |
| 16:55 | Build | Farm |
| 16:57 | Build | Farm |
| 17:10 | Build | Farm |
| 17:15 | Build | Farm |
| 17:38 | Create | Villager (Male) |
| 17:38 | Create | Villager (Male) |
| 18:04 | Create | Villager (Male) |
| 18:33 | Create | Villager (Male) |
| 18:33 | Create | Villager (Male) |
| 18:45 | Build | Farm |
| 18:46 | Build | Farm |
| 18:57 | Create | Villager (Male) |
| 19:05 | Create | Villager (Male) |
| 19:05 | Create | Villager (Male) |
| 19:23 | Create | Villager (Male) |
| 19:29 | Build | Farm |
| 19:47 | Create | Villager (Male) |
| 19:47 | Create | Villager (Male) |
| 19:48 | Create | Villager (Male) |
| 21:00 | Create | Villager (Male) |
| 21:00 | Create | Villager (Male) |
| 21:16 | Research | Wheelbarrow |
| 22:00 | Research | Horse Collar |
| 22:17 | Create | Villager (Male) |
| 22:27 | Research | Double-Bit Axe |
Build order — FedeSanta
119 actions detected in the replay
| 0:56 | Build | Dock |
| 2:52 | Build | Town Center |
| 4:41 | Create | Villager (Male) |
| 4:41 | Create | Villager (Male) |
| 4:41 | Create | Villager (Male) |
| 4:41 | Create | Villager (Male) |
| 5:15 | Build | House |
| 5:20 | Build | House |
| 5:21 | Build | House |
| 6:33 | Create | Villager (Male) |
| 6:33 | Create | Villager (Male) |
| 7:14 | Create | Villager (Male) |
| 8:25 | Create | Villager (Male) |
| 9:02 | Build | Lumber Camp |
| 9:06 | Create | Villager (Male) |
| 9:07 | Create | Villager (Male) |
| 10:15 | Create | Villager (Male) |
| 10:15 | Create | Villager (Male) |
| 10:15 | Create | Villager (Male) |
| 10:22 | Build | House |
| 10:26 | Build | House |
| 11:08 | Create | Villager (Male) |
| 11:09 | Create | Villager (Male) |
| 11:50 | Create | Villager (Male) |
| 11:50 | Create | Villager (Male) |
| 11:50 | Create | Villager (Male) |
| 12:15 | Build | Outpost |
| 12:25 | Create | Villager (Male) |
| 12:26 | Create | Villager (Male) |
| 12:40 | Create | Fishing Ship |
| 13:11 | Create | Villager (Male) |
| 13:11 | Create | Villager (Male) |
| 13:41 | Build | Mining Camp |
| 13:46 | Create | Villager (Male) |
| 13:46 | Create | Villager (Male) |
| 13:54 | Build | House |
| 13:58 | Build | House |
| 14:12 | Create | Villager (Male) |
| 14:12 | Create | Villager (Male) |
| 14:26 | Create | Villager (Male) |
| 14:34 | Create | Fishing Ship |
| 15:00 | Create | Villager (Male) |
| 15:33 | Build | Mill |
| 15:54 | Create | Villager (Male) |
| 15:55 | Create | Villager (Male) |
| 16:09 | Build | Farm |
| 16:10 | Build | Farm |
| 16:12 | Build | Farm |
| 16:14 | Build | Farm |
| 16:15 | Build | Farm |
| 16:55 | Create | Fishing Ship |
| 16:56 | Create | Fishing Ship |
| 16:56 | Create | Fishing Ship |
| 17:23 | Build | House |
| 17:26 | Build | House |
| 17:28 | Build | House |
| 17:29 | Build | House |
| 17:43 | Research | Feudal Age |
| 18:04 | Build | Barracks |
| 18:17 | Create | Villager (Male) |
| 18:17 | Create | Villager (Male) |
| 18:17 | Create | Villager (Male) |
| 18:35 | Build | House |
| 18:46 | Build | Outpost |
| 18:58 | Create | Fishing Ship |
| 18:58 | Create | Fishing Ship |
| 19:20 | Create | Militia |
| 19:21 | Create | Militia |
| 19:21 | Create | Militia |
| 19:21 | Create | Militia |
| 19:22 | Create | Militia |
| 19:30 | Create | Villager (Male) |
| 19:30 | Create | Villager (Male) |
| 19:37 | Build | Mining Camp |
| 19:54 | Age | Feudal Age |
| 20:00 | Build | Farm |
| 20:01 | Build | Farm |
| 20:03 | Build | Farm |
| 20:15 | Research | Man-at-Arms (upgrade) |
| 20:16 | Research | Arson |
| 20:25 | Research | Double-Bit Axe |
| 20:39 | Create | Spearman |
| 21:19 | Build | Stable |
| 21:26 | Research | Wheelbarrow |
| 21:35 | Create | Militia |
| 21:35 | Create | Militia |
| 22:09 | Build | Archery Range |
| 22:12 | Create | Militia |
| 22:12 | Create | Militia |
| 22:25 | Build | Watch Tower |
| 22:36 | Create | Spearman |
| 22:36 | Create | Spearman |
| 22:37 | Create | Spearman |
| 22:40 | Create | Villager (Male) |
| 23:05 | Create | Skirmisher |
| 23:05 | Create | Skirmisher |
| 23:05 | Create | Skirmisher |
| 23:26 | Build | Watch Tower |
| 23:29 | Create | Militia |
| 23:29 | Create | Militia |
| 23:30 | Create | Spearman |
| 23:49 | Create | Villager (Male) |
| 24:05 | Build | Market |
| 24:20 | Create | Spearman |
| 24:20 | Create | Spearman |
| 24:20 | Create | Spearman |
| 24:24 | Create | Militia |
| 24:24 | Create | Militia |
| 24:53 | Create | Militia |
| 24:53 | Create | Militia |
| 25:08 | Create | Villager (Male) |
| 25:08 | Create | Villager (Male) |
| 25:22 | Create | Scout Cavalry |
| 25:23 | Create | Scout Cavalry |
| 25:33 | Create | Trade Cart |
| 25:33 | Create | Trade Cart |
| 25:34 | Create | Trade Cart |
| 25:42 | Create | Fishing Ship |
| 25:42 | Create | Fishing Ship |
Match timeline
| 0:56 | FedeSanta · first_building Dock |
| 1:10 | Nutsmitkatz0 · first_building Dock |
| 1:52 | IMBULLISH · first_building Dock |
| 11:32 | IMBULLISH · first_building Barracks |
| 13:04 | Nutsmitkatz0 · first_building Barracks |
| 13:52 | Papere · first_building Dock |
| 15:27 | HardPain94 · age_up feudal |
| 16:14 | 爷 · age_up feudal |
| 16:22 | Papere · age_up feudal |
| 16:53 | HardPain94 · wall_segment Stone Wall x18 |
| 17:13 | Papere · first_building Barracks |
| 17:34 | 鬼才 · age_up feudal |
| 18:04 | FedeSanta · first_building Barracks |
| 18:48 | Nutsmitkatz0 · first_building Stable |
| 18:59 | IMBULLISH · age_up feudal |
| 19:04 | HardPain94 · wall_segment Stone Wall x11 |
| 19:24 | Papere · first_building Stable |
| 19:54 | FedeSanta · age_up feudal |
| 20:11 | HardPain94 · wall_segment Stone Wall x4 |
| 20:36 | jonymuros · first_building Dock |
| 20:56 | HardPain94 · wall_segment Stone Wall x13 |
| 21:19 | FedeSanta · first_building Stable |
| 21:24 | 鬼才 · first_building Barracks |
| 21:27 | HardPain94 · wall_segment Stone Wall x11 |
| 22:09 | FedeSanta · first_building Archery Range |
| 22:26 | HardPain94 · wall_segment Stone Wall x15 |
| 22:26 | jonymuros · age_up feudal |
| 24:08 | IMBULLISH · first_building Stable |
| 24:25 | HardPain94 · first_building Barracks |
| 25:37 | HardPain94 · first_building Archery Range |
| 25:50 | 爷 · resign |
[ AI ANALYSIS · 1 CREDIT ]
What really happened in this match?
Wolo.gg analyzes every decision: build order, eco, micro, common mistakes by bracket. Personalized analysis on WhatsApp or Discord in 30 seconds.
Civ guide
Teutons
Perfil
Jugador #23986559